 Dungeon Sprint DCSS version 0.29-a0-384-g6960b1960d (webtiles) character file.

Game seed: 5303617510839084188

6299 mhtbhm the Impaler (level 10, -3/108 HPs)
             Began as a Minotaur Berserker on May 7, 2022.
             Was the Champion of Trog.
             Slain by a fire elemental (5 damage)
             ... summoned by a deep elf pyromancer
             ... in the Dungeon (Sprint III: "The Ten Rune Challenge").
             The game lasted 00:03:18 (1736 turns).

mhtbhm the Impaler (Minotaur Berserker)             Turns: 1736, Time: 00:03:19

Health: -3/108     AC: 13    Str: 26    XL:     10   Next: 63%
Magic:  9/9        EV: 11    Int:  6    God:    Trog [******]
Gold:   2288       SH:  0    Dex: 10    Spells: 9/9 levels left

rFire   . . .      SeeInvis .   a - +4 bardiche (flame)
rCold   . . .      Faith    +   (shield currently unavailable)
rNeg    . . .      Spirit   .   b - +0 chain mail
rPois   .          Reflect  .   (helmet restricted)
rElec   .          Harm     .   i - +0 cloak {rCorr}
rCorr   +          Rampage  .   (no gloves)
Will    .....      NoTele   +   (no boots)
Stlth   ..........              d - amulet of faith
HPRegen 0.28/turn               (no ring)
MPRegen 0.11/turn               (no ring)

@: on berserk cooldown, slowed, very slow
A: horns 2, retaliatory headbutt, clever 1, mutation resistance 1
a: Renounce Religion, Berserk, Trog's Hand, Brothers in Arms


You were in the Dungeon.
You worshipped Trog.
Trog was exalted by your worship.
You visited 1 branch You collected 2728 gold pieces.
You spent 440 gold pieces at shops.

Inventory:

Hand Weapons
 a - a +4 bardiche of flaming (weapon)
Armour
 b - a +0 chain mail (worn)
 i - a +0 cloak of preservation (worn)
Jewellery
 d - an amulet of faith (around neck)
Scrolls
 k - 2 scrolls of poison {unknown}
 l - a scroll of vulnerability {unknown}
 n - a scroll of identify {unknown}
Potions
 c - a potion of curing
 e - a potion of haste
 f - 2 potions of magic
 g - a potion of berserk rage
 j - a potion of mutation
 m - 4 potions of flight
 p - a potion of degeneration {unknown}
Miscellaneous
 o - a tin of tremorstones (2/2)


   Skills:
 + Level 16.5 Fighting
 + Level 20.3 Polearms
 + Level 10.2 Armour
 + Level 9.2 Dodging
 + Level 6.0 Stealth
 + Level 1.1 Evocations


You had 9 spell levels left.
You didn't know any spells.
Your spell library was empty.

Dungeon Overview and Level Annotations

Branches:
Dungeon (1/1)

Altars:
Cheibriados
Dithmenos
Elyvilon
Fedhas
Gozag
Hepliaklqana
Kikubaaqudgha
Makhleb
Nemelex Xobeh
Okawaru
Qazlal
Ru
Sif Muna
Trog
Uskayaw
Vehumet
Wu Jian
Xom
Yredelemnul
Zin
The Shining One
Beogh
Jiyva
Lugonu

Shops:
D =


Innate Abilities, Weirdness & Mutations

You have a pair of horns on your head.
You reflexively headbutt those who attack you in melee.
Your mind is acute. (Int +2)
You are somewhat resistant to further mutation.


Message History

You are too injured to fight recklessly!
You are too injured to fight recklessly!
You are too injured to fight recklessly!
You are too injured to fight recklessly!
You are too injured to fight recklessly!
You are too injured to fight recklessly!
You are too injured to fight recklessly!
You are too injured to fight recklessly!
You are too injured to fight recklessly!
Unknown command.
You slash the deep elf pyromancer! You burn the deep elf pyromancer.
The deep elf pyromancer is almost dead.
The deep elf pyromancer hits you with a +0 short sword.
* * * LOW HITPOINT WARNING * * *
Unknown command.
You miss the deep elf pyromancer.
The deep elf pyromancer is almost dead.
The deep elf pyromancer gestures wildly while chanting.
Okay, then.
Blink to where?
Press: ? - help, Dir - move target
As you read the scroll of blinking, it crumbles to dust.
The deep elf pyromancer casts a spell.
The deep elf pyromancer blinks!
The fire elemental hits you. The fire elemental burns you!
* * * LOW HITPOINT WARNING * * *
The fire elemental hits you. The fire elemental burns you!
* * * LOW HITPOINT WARNING * * *
Unknown command.
You feel better. The fire elemental hits you. The fire elemental burns you!
* * * LOW HITPOINT WARNING * * *
The fire elemental barely misses you. You furiously retaliate!
You headbutt the fire elemental!
Unknown command.
You feel better. The fire elemental hits you.
* * * LOW HITPOINT WARNING * * *
The fire elemental burns you!
* * * LOW HITPOINT WARNING * * *
The fire elemental hits you. The fire elemental burns you!
You die...

▓▓▓▓▓▓▓▓▓▓▓
########.##)#.#..#######
___#__#....#..#.@EE#...#
__)#._#.........##E#...##≈
'###)##.).)....###°#e..≈≈≈
......#))).).....#E#...##≈
......#)##.##.#∩##)°...#
#####'#.##.#############
__#...#'##############
__#...#....#.#.#.....#
__#...##.#..#.##)###)#


You could see a deep elf pyromancer and 3 fire elementals.

Vanquished Creatures
  Erolcha (D)
  2 orc high priests (D)
  A deep elf knight (D)
  An orc knight (D)
  A deep elf zephyrmancer (D)
  2 deep elf pyromancers (D)
  2 orc sorcerers (D)
  A shadow (D)
  A spatial vortex (D)
  2 orc warriors (D)
  5 two-headed ogres (D)
  A water elemental (D)
  A necrophage (D)
  A jelly (D)
  Crazy Yiuf (D)
  2 orc priests (D)
  A wizard (D)
  Jessica (D)
  A necromancer (D)
  4 orc wizards (D)
  3 humans (D)
  A kobold demonologist (D)
  5 orcs (D)
  2 endoplasms (D)
  A rat (D)
44 creatures vanquished.

Notes
Turn   | Place    | Note
-------+----------+-------------------------------------------
     0 | D        | mhtbhm the Minotaur Berserker began the quest for the Orb.
     0 | D        | Reached XP level 1. HP: 19/19 MP: 0/0
    16 | D        | Reached skill level 4 in Polearms
    80 | D        | Reached ** piety under Trog
    83 | D        | Noticed Jessica
    89 | D        | Killed Jessica
    90 | D        | Reached skill level 5 in Fighting
    90 | D        | Reached skill level 5 in Polearms
    90 | D        | Reached XP level 2. HP: 21/29 MP: 1/1
    90 | D        | Reached XP level 3. HP: 27/36 MP: 2/2
   168 | D        | Noticed Crazy Yiuf
   172 | D        | Killed Crazy Yiuf
   173 | D        | Reached skill level 6 in Polearms
   173 | D        | Reached skill level 1 in Stealth
   184 | D        | Reached skill level 7 in Polearms
   184 | D        | Reached XP level 4. HP: 45/45 MP: 3/3
   213 | D        | Gained mutation: You have large cloven feet. [potion of
                  | mutation]
   213 | D        | Gained mutation: Your magical capacity is low. (-10% MP)
                  | [potion of mutation]
   229 | D        | Lost mutation: You have large cloven feet. [potion of
                  | mutation]
   229 | D        | Lost mutation: Your magical capacity is low. (-10% MP)
                  | [potion of mutation]
   229 | D        | Gained mutation: Your mind is acute. (Int +2) [potion of
                  | mutation]
   229 | D        | Gained mutation: You are somewhat resistant to further
                  | mutation. [potion of mutation]
   259 | D        | Noticed a water elemental
   269 | D        | Killed a water elemental
   269 | D        | Reached *** piety under Trog
   270 | D        | Reached skill level 8 in Polearms
   270 | D        | Reached XP level 5. HP: 22/53 MP: 4/4
   453 | D        | Found a radiant altar of Vehumet.
   453 | D        | Found a shimmering blue altar of Sif Muna.
   453 | D        | Found an ancient bone altar of Kikubaaqudgha.
   460 | D        | Reached skill level 9 in Polearms
   506 | D        | Found a basalt altar of Yredelemnul.
   506 | D        | Found a shadowy altar of Dithmenos.
   506 | D        | Found a sacrificial altar of Ru.
   511 | D        | Reached **** piety under Trog
   520 | D        | Reached skill level 10 in Polearms
   520 | D        | Reached XP level 6. HP: 36/63 MP: 5/5
   658 | D        | Found a hide-covered altar of Uskayaw.
   658 | D        | Found an iron altar of Okawaru.
   658 | D        | Found a bloodstained altar of Trog.
   658 | D        | Found an ornate altar of the Wu Jian Council.
   658 | D        | Noticed a human
   658 | D        | Noticed a human
   659 | D        | Found a glowing silver altar of Zin.
   659 | D        | Found a glowing golden altar of the Shining One.
   659 | D        | Found a white marble altar of Elyvilon.
   659 | D        | Noticed a deep elf pyromancer
   666 | D        | Killed a human
   667 | D        | Reached skill level 10 in Fighting
   667 | D        | Reached skill level 11 in Polearms
   667 | D        | Reached skill level 5 in Armour
   667 | D        | Reached skill level 5 in Dodging
   672 | D        | Killed a human
   672 | D        | Reached ***** piety under Trog
   673 | D        | Reached skill level 12 in Polearms
   673 | D        | Reached XP level 7. HP: 73/73 MP: 6/6
   679 | D        | Killed a deep elf pyromancer
   679 | D        | Received a gift from Trog
   680 | D        | Reached skill level 14 in Polearms
   761 | D        | Noticed a shadow
   762 | D        | Killed a shadow
   763 | D        | Reached XP level 8. HP: 84/84 MP: 7/7
   781 | D        | Reached skill level 15 in Polearms
   944 | D        | Found a blossoming altar of Fedhas.
   944 | D        | Found a stormy altar of Qazlal.
   944 | D        | Found a snail-covered altar of Cheibriados.
   944 | D        | Found a burning altar of Makhleb.
   944 | D        | Found a shimmering altar of Xom.
   945 | D        | Found a hazy altar of Hepliaklqana.
   945 | D        | Found an opulent altar of Gozag.
   945 | D        | Found a sparkling altar of Nemelex Xobeh.
   945 | D        | Found a corrupted altar of Lugonu.
   945 | D        | Found a viscous altar of Jiyva.
  1015 | D        | Noticed a two-headed ogre
  1021 | D        | Killed a two-headed ogre
  1022 | D        | Reached skill level 16 in Polearms
  1331 | D        | Noticed Erolcha
  1333 | D        | Noticed a two-headed ogre
  1336 | D        | Killed Erolcha
  1337 | D        | Reached skill level 17 in Polearms
  1337 | D        | Reached XP level 9. HP: 95/95 MP: 8/8
  1339 | D        | Killed a two-headed ogre
  1340 | D        | Reached skill level 5 in Stealth
  1406 | D        | Noticed an orc sorcerer
  1406 | D        | Noticed an orc sorcerer
  1407 | D        | Noticed an orc knight
  1408 | D        | Noticed an orc high priest
  1408 | D        | Noticed an orc high priest
  1409 | D        | Noticed an ice devil
  1409 | D        | Reached ****** piety under Trog
  1409 | D        | Received a gift from Trog
  1412 | D        | Killed an orc sorcerer
  1414 | D        | Noticed an ice devil
  1415 | D        | Reached skill level 18 in Polearms
  1418 | D        | Noticed a rust devil
  1418 | D        | Killed an orc knight
  1419 | D        | Reached skill level 15 in Fighting
  1420 | D        | Killed an orc sorcerer
  1421 | D        | Reached XP level 10. HP: 106/106 MP: 9/9
  1425 | D        | Killed an orc high priest
  1426 | D        | Reached skill level 19 in Polearms
  1428 | D        | Received a gift from Trog
  1433 | D        | Found Reilicot's Jewellery Shoppe.
  1436 | D        | Killed an orc high priest
  1669 | D        | Bought an amulet of faith for 440 gold pieces
  1703 | D        | Noticed a deep elf zephyrmancer
  1703 | D        | Noticed a deep elf pyromancer
  1703 | D        | Noticed a deep elf zephyrmancer
  1703 | D        | Noticed a deep elf pyromancer
  1703 | D        | Noticed a deep elf knight
  1715 | D        | Killed a deep elf pyromancer
  1715 | D        | Received a gift from Trog
  1716 | D        | Reached skill level 20 in Polearms
  1719 | D        | Killed a deep elf knight
  1720 | D        | Reached skill level 10 in Armour
  1720 | D        | Reached skill level 1 in Evocations
  1726 | D        | Killed a deep elf zephyrmancer
  1736 | D        | HP: 2/108 [fire elemental[a deep elf pyromancer] (11)]
  1736 | D        | Slain by a fire elemental

Illustrated notes

Levels and vault maps discovered:
D:        dungeon_sprint_mu [sprint_mu_entry_cave, sprint_mu_temple_rooms,
          sprint_mu_d1_spiders, sprint_mu_d2_genie, sprint_mu_d3_branching,
          sprint_mu_orc_legion, sprint_mu_elf_gauntlet, sprint_mu_hive_nellie,
          sprint_mu_lair_fedhas, sprint_mu_vaults_butterflies,
          sprint_mu_slime_circle, sprint_mu_shoals_archi,
          sprint_mu_snake_twists, sprint_mu_blade_basic,
          sprint_mu_crypt_chambers, sprint_mu_tomb_spiral,
          sprint_mu_vestibule_basic, sprint_mu_gehenna_hellfire,
          sprint_mu_dis_giant, sprint_mu_tartarus_statrot,
          sprint_mu_cocytus_islands, sprint_mu_zot1]

Skill      XL: |  1  2  3  4  5  6  7  8  9 10 |
---------------+-------------------------------+-----
Fighting       | 5 6 7 9 10 12 14 15 16 | 16.5
Polearms       | 5 7 8 10 12 14 17 18 20 | 20.3
Armour         | 3 4 5 7 8 10 | 10.2
Dodging        | 3 4 6 7 8 9 |  9.2
Stealth        | 1 2 3 4 5 6 |  6.0
Evocations     | 1 |  1.1

Action                   |  1- 3 |  4- 6 |  7- 9 | 10-12 || total
-------------------------+-------+-------+-------+-------++-------
Melee: Spear             |    25 |    43 |     4 |       ||    72
       Headbutt          |     1 |     6 |     4 |     6 ||    17
       Halberd           |       |       |    36 |    13 ||    49
       Bardiche          |       |       |       |    22 ||    22
Invok: Berserk           |     1 |     1 |     3 |     1 ||     6
Evoke: Tin of tremorston |       |       |     2 |       ||     2
  Use: Potion            |       |     2 |       |     3 ||     5
       Scroll            |       |       |       |     1 ||     1
 Stab: Sleeping          |     2 |       |       |       ||     2
Armor: Robe              |       |     1 |       |       ||     1
       Chain mail        |       |       |     2 |    10 ||    12
Dodge: Dodged            |     5 |     7 |     9 |     9 ||    30

Table legend: (Time is in decaauts)
 A = Elapsed time spent in this place.
 B = Non-inter-level travel time spent in this place.
 C = Inter-level travel time spent in this place.
 D = Time resting spent in this place.
 E = Time spent auto-exploring this place.
 F = Levels seen in this place.
 G = Mean time per level.
                   A        B        C        D        E       F      G
               +--------+--------+--------+--------+--------+-----+--------+
         Total |   1749 |   1749 |      0 |   1181 |     80 |   1 | 1749.0 |
       Dungeon |   1749 |   1749 |      0 |   1181 |     80 |   1 | 1749.0 |
               +--------+--------+--------+--------+--------+-----+--------+

Top non-repeatable levels by time:
       D: 1749 daAuts
